 Dungeon Crawl Stone Soup version 0.31-a0-986-g5e6e4ef867 (webtiles) character file.

Game seed: 10521534003487358937

2 porpoise the Vexing (level 1, -2/13 HPs)
             Began as a Demonspawn Enchanter on Nov 10, 2023.
             Slain by a kobold
             ... wielding a +0 dagger of venom
              (3 damage)
             ... on level 2 of the Dungeon.
             The game lasted 00:00:53 (143 turns).

porpoise the Vexing (Demonspawn Enchanter)           Turns: 143, Time: 00:00:55

Health: -2/13      AC:  2    Str:  8    XL:     1   Next: 25%
Magic:  3/3        EV: 12    Int: 16    God:
Gold:   7          SH:  0    Dex: 13    Spells: 4/4 levels left

rFire   . . .        a - +1 dagger
rCold   . . .        (no shield)
rNeg    . . .        b - +0 robe
rPois   .            (no helmet)
rElec   .            (no cloak)
rCorr   .            (no gloves)
SInv    .            (no boots)
Will    .....        (no amulet)
Stlth   ++           (no ring)
HPRegen 0.22/turn    (no ring)
MPRegen 0.08/turn

%: no passive effects
@: lethally poisoned (-2 -> -12), invisible
A: no striking features
a: no special abilities


You were on level 2 of the Dungeon.
You visited 1 branch of the dungeon, and saw 2 of its levels.

You collected 7 gold pieces.

Inventory:

Hand Weapons
 a - a +1 dagger (weapon)
Armour
 b - a +0 robe (worn)
Potions
 c - a potion of invisibility


   Skills:
 + Level 1.0 Short Blades
 - Level 1.7 Dodging
 - Level 2.6 Stealth
 + Level 2.0 Spellcasting
 + Level 3.0 Hexes


You had 4 spell levels left.
You didn't know any spells.
Your spell library contained the following spells:

 Spells                   Type           Power      Damage    Failure   Level
 Ensorcelled Hibernation  Hex/Ice        12%        N/A       17%         2
 Confusing Touch          Hex            11%        N/A       19%         3
 Tukima's Dance           Hex            11%        N/A       19%         3
 Dazzling Flash           Conj/Hex       12%        N/A       32%         3


Dungeon Overview and Level Annotations

Branches:
Dungeon (1/15)

Altars:


Message History

The kobold hits you with a +0 dagger of venom.
You are poisoned.
You hit the kobold but do no damage.
You feel sick. The kobold hits you but does no damage.
You are lethally poisoned!
You closely miss the kobold.
You feel very sick. The kobold misses you.
You hit the kobold but do no damage.
You feel very sick. The kobold closely misses you.
You don't know any spells.
Unknown command.
It was a potion of ambrosia.
You are confused.
You feel invigorated.
You feel sick.
The kobold hits you with a +0 dagger of venom.
* * * LOW HITPOINT WARNING * * *
You are more poisoned.
* * * LOW HITPOINT WARNING * * *
You feel very sick. The kobold misses you.
* * * LOW HITPOINT WARNING * * *
You feel very sick.
The kobold hits you with a +0 dagger of venom.
* * * LOW HITPOINT WARNING * * *
You are more poisoned.
* * * LOW HITPOINT WARNING * * *
You feel very sick. The kobold barely misses you.
* * * LOW HITPOINT WARNING * * *
You feel very sick. The kobold barely misses you.
You fade into invisibility!
You feel less invigorated.
You feel less confused.
* * * LOW HITPOINT WARNING * * *
You feel very sick.
The kobold hits you with a +0 dagger of venom.
You die...

.... .....# ...
......# . .....##
# #.#... #####
#.#.# ....###...#
####
###w.....##### #..
###........# #.#
#.....##.# #@#
#.....##.###K#
#.....##.....#
#.....#####......#
#.....# #......#
####### ##>....#
##...## ...# ...#


You could see a kobold (unable to see you).

Vanquished Creatures
  A goblin (D:1)
  A rat (D:1)
2 creatures vanquished.

Notes
Turn   | Place    | Note
-------+----------+-------------------------------------------
     0 | D:1      | porpoise the Demonspawn Enchanter began the quest for the
                  | Orb.
     0 | D:1      | Reached XP level 1. HP: 13/13 MP: 3/3
    45 | D:1      | Reached skill level 1 in Short Blades
    81 | D:1      | You fall into a shaft and drop 1 floor!
   143 | D:2      | Slain by a kobold

Illustrated notes

Levels and vault maps discovered:
D:1:      lightli_molten_gateway, layout_loops_cross,
          ebering_ecumenical_altar_webs
D:2:      layout_basic, uniq_natasha

Skill      XL: |  1 |
---------------+----+-----
Short Blades   | 1 |  1.0
Dodging        | |  1.7
Stealth        | |  2.6
Spellcasting   | |  2.0
Hexes          | |  3.0

Action                     || total
---------------------------++-------
  Melee: Dagger            ||     8
         Punch             ||     1
    Use: Potion            ||     2
 Armour: Robe              ||     7
  Dodge: Dodged            ||     6

Table legend: (Time is in decaauts)
 A = Elapsed time spent in this place.
 B = Non-inter-level travel time spent in this place.
 C = Inter-level travel time spent in this place.
 D = Time resting spent in this place.
 E = Time spent auto-exploring this place.
 F = Levels seen in this place.
 G = Mean time per level.
                   A        B        C        D        E       F      G
               +--------+--------+--------+--------+--------+-----+--------+
         Total |    142 |    142 |      0 |     19 |     49 |   2 |   71.0 |
       Dungeon |    142 |    142 |      0 |     19 |     49 |   2 |   71.0 |
               +--------+--------+--------+--------+--------+-----+--------+

Top non-repeatable levels by time:
     D:1: 80 daAuts
     D:2: 61 daAuts
